 Dungeon Crawl Stone Soup version 0.30-a0-637-gacddeb6d44 (webtiles) character file.

Game seed: 3822661775415338210

312 Leeroy the Ducker (level 6, -8/35 HPs)
             Began as a Tengu Warper on Jan 15, 2023.
             Was an Initiate of Hepliaklqana.
             Shot with an arrow by a centaur (12 damage)
             ... on level 6 of the Dungeon.
             The game lasted 00:03:14 (2544 turns).

Leeroy the Ducker (Tengu Warper)                    Turns: 2544, Time: 00:03:14

Health: -8/35      AC:  6    Str: 12    XL:     6   Next: 42%
Magic:  10/10      EV: 17    Int: 13    God:    Hepliaklqana [......]
Gold:   76         SH:  0    Dex: 15    Spells: 9/9 levels left

rFire   . . .      SeeInvis .    i - +2 short sword (protect)
rCold   . . .      Faith    .    (no shield)
rNeg    . . .      Spirit   .    b - +0 leather armour
rPois   .          Reflect  .    (helmet restricted)
rElec   .          Harm     .    j - +0 cloak
rCorr   .          Rampage  .    m - +1 pair of gloves
Will    .....                    (boots unavailable)
Stlth   +                        (no amulet)
HPRegen 0.25/turn                (no ring)
MPRegen 0.12/turn                (no ring)

@: flying quickly and evasively, hasted, very quick
A: beak, talons 3, nimble flight
a: Renounce Religion


You were on level 6 of the Dungeon.
You worshipped Hepliaklqana.
Hepliaklqana was noncommittal.
You visited 1 branch of the dungeon, and saw 6 of its levels.

You collected 196 gold pieces.
You spent 120 gold pieces at shops.

Inventory:

Hand Weapons
 a - a +0 falchion
 i - a +2 short sword of protection (weapon)
 x - a +1 dagger of draining
Missiles
 d - 7 boomerangs of dispersal (quivered)
 e - 18 poisoned darts
 y - 3 atropa-tipped darts
 A - 6 boomerangs
Armour
 b - a +0 leather armour (worn)
 j - a +0 cloak (worn)
 m - a +1 pair of gloves (worn)
Scrolls
 f - 2 scrolls of vulnerability {unknown}
 k - a scroll of identify {unknown}
 p - 2 scrolls of magic mapping {unknown}
 q - a scroll of fog {unknown}
 t - a scroll of noise {unknown}
 v - a scroll of amnesia {unknown}
 B - a scroll of immolation {unknown}
Potions
 g - 4 potions of heal wounds {unknown}
 h - 3 potions of curing {unknown}
 l - 2 potions of berserk rage {unknown}
 n - 3 potions of brilliance {unknown}
 o - a potion of flight {unknown}
 r - 2 potions of lignification {unknown}
 s - a potion of magic {unknown}
 u - a potion of attraction {unknown}
 w - a potion of invisibility {unknown}


   Skills:
 - Level 2.0 Fighting
 - Level 3.4 Long Blades
 - Level 1.0 Throwing
 - Level 1.1 Armour
 + Level 6.7 Dodging
 - Level 2.0 Spellcasting
 - Level 2.4 Translocations


You had 9 spell levels left.
You didn't know any spells.
Your spell library contained the following spells:

 Spells                   Type           Power      Damage    Failure   Level
 Blink                    Tloc           14%        N/A       19%         2
 Lesser Beckoning         Tloc           14%        N/A       36%         3
 Teleport Other           Tloc           7%         N/A       36%         3
 Vhi's Electric Charge    Tloc/Air       8%         N/A       52%         3
 Manifold Assault         Tloc           7%         N/A       77%         4


Dungeon Overview and Level Annotations

Branches:
Dungeon (6/15)             Temple (0/1) D:4

Altars:
Elyvilon
Hepliaklqana

Shops:
D:4 !


Innate Abilities, Weirdness & Mutations

You have a beak for a mouth.
You have claws for feet.
Your magical nature lets you fly swiftly and evasively.


Message History

Found a ring mail.
The jelly jiggles.
You see here a clear potion.
The jelly jiggles.
You reach down and open the door.
A white imp comes into view.
The white imp shouts!
The jelly closely misses you.
There is an open door here.
The white imp misses you.
You reach down and close the door.
The white imp closely misses you.
You hear a slurping noise.
The jelly eats the door!
The white imp gestures at you. The puff of frost hits you!
Found a stone staircase leading down.
Found a stone staircase leading down.
The white imp gestures at you. The puff of frost hits you.
An iguana comes into view.
The iguana hisses angrily.
The white imp gestures at you. The puff of frost misses you.
A centaur comes into view.
The white imp gestures at you. The puff of frost hits you.
* * * LOW HITPOINT WARNING * * *
A centaur comes into view.
The centaur shouts!
The centaur wields a +0 shortbow.
The centaur shoots an arrow.
The arrow hits you.
* * * LOW HITPOINT WARNING * * *
The centaur wields a +0 shortbow.
The centaur shoots an arrow.
The arrow misses you.
The centaur shoots an arrow.
The arrow misses you.
You don't know any spells.
Okay, then.
You feel yourself speed up.
The centaur shoots an arrow.
The arrow closely misses you.
The centaur shoots an arrow.
The arrow barely misses you.
The centaur shoots an arrow.
The arrow hits you!
You die...

#......... #.........
.##### ##..........
.#...#. #...#####..#
~≈≈~≈≈≈ ####...#####
≈≈~≈≈~~ #....#...#
≈~≈≈~≈≈ #........+
≈~≈~≈≈~
#######.######≈~≈~≈~≈
###.###..@≈~≈~≈..
#...J5....≈~≈~≈.c
#.........≈~≈≈~c.
#........>≈≈~≈≈≈≈
##..##....~≈≈~~~~
#..##....≈~≈≈≈≈≈
......>..l≈≈~~~~~
#..........~≈≈≈≈≈≈
#...............#


You could see 2 centaurs, an iguana, a jelly and a white imp.

Vanquished Creatures
  2 scorpions
  A jelly (D:4)
  An orc wizard (D:4)
  An iguana (D:4)
  4 adders
  An ufetubus (D:4)
  2 worms (D:3)
  5 dart slugs
  3 orcs
  A ball python (D:2)
  2 endoplasms (D:4)
  2 giant cockroaches (D:1)
  A goblin (D:4)
  5 hobgoblins
  7 jackals (D:1)
  3 kobolds
  3 quokkas
  7 bats
  4 frilled lizards
  12 rats
67 creatures vanquished.

Notes
Turn   | Place    | Note
-------+----------+-------------------------------------------
     0 | D:1      | Leeroy the Tengu Warper began the quest for the Orb.
     0 | D:1      | Reached XP level 1. HP: 12/12 MP: 4/4
    83 | D:1      | Reached XP level 2. HP: 15/17 MP: 6/6
   357 | D:1      | Found a faded altar of an unknown god.
   374 | D:1      | Reached XP level 3. HP: 21/21 MP: 7/7
   429 | D:1      | Reached skill level 3 in Dodging
  1262 | D:3      | You fall into a shaft and drop 1 floor!
  1290 | D:4      | Reached XP level 4. HP: 26/26 MP: 8/8
  1293 | D:4      | Reached skill level 4 in Dodging
  1850 | D:4      | Found a white marble altar of Elyvilon.
  1868 | D:4      | Gained mutation: Your magical nature lets you fly swiftly
                  | and evasively. [Tengu growth]
  1868 | D:4      | Reached XP level 5. HP: 18/30 MP: 9/9
  1917 | D:4      | Found Saupp's Distillery.
  1925 | D:4      | Bought a potion of haste for 120 gold pieces
  1982 | D:4      | Reached skill level 5 in Dodging
  2152 | D:4      | Reached skill level 6 in Dodging
  2152 | D:4      | Reached XP level 6. HP: 23/35 MP: 10/10
  2227 | D:4      | Found a hazy altar of Hepliaklqana.
  2281 | D:4      | Found a staircase to the Ecumenical Temple.
  2394 | D:4      | Became a worshipper of Hepliaklqana the Forgotten
  2468 | D:5      | Entered Level 5 of the Dungeon
  2544 | D:6      | Shot with an arrow by a centaur

Illustrated notes

Levels and vault maps discovered:
D:1:      dpeg_arrival_ratfight, layout_basic,
          hellmonk_ecumenical_altar_pennies_from_heaven
D:2:      layout_basic
D:3:      layout_rooms
D:4:      layout_rooms, elyvilon_altar_5, nzn_hepliaklqana_mist_gate,
          temple_green, serial_shops, shop, chequers_serial_rivers_small_b,
          kennysheep_decorative_pillar
D:5:      layout_rooms
D:6:      nicolae_whirlpool, layout_gridville, vehumet_statue,
          ebering_ghost_disaster_area, grunt_ministairs_2

Skill      XL: |  1  2  3  4  5 |
---------------+----------------+-----
Long Blades    | 3 |  3.4
Dodging        | 3 4 6 |  6.7
Fighting       | |  2.0
Throwing       | |  1.0
Armour         | |  1.1
Spellcasting   | |  2.0
Translocations | |  2.4

Action                   |  1- 3 |  4- 6 || total
-------------------------+-------+-------++-------
Melee: Falchion          |    33 |       ||    33
       Peck              |    12 |    24 ||    36
       Kick              |    17 |    35 ||    52
       Short sword       |    72 |   118 ||   190
       Punch             |       |     1 ||     1
  Use: Scroll            |       |     2 ||     2
       Potion            |       |     1 ||     1
 Stab: Sleeping          |     1 |       ||     1
Armor: Leather armour    |    39 |    40 ||    79
Dodge: Dodged            |    74 |   101 ||   175

Table legend: (Time is in decaauts)
 A = Elapsed time spent in this place.
 B = Non-inter-level travel time spent in this place.
 C = Inter-level travel time spent in this place.
 D = Time resting spent in this place.
 E = Time spent auto-exploring this place.
 F = Levels seen in this place.
 G = Mean time per level.
                   A        B        C        D        E       F      G
               +--------+--------+--------+--------+--------+-----+--------+
         Total |   2488 |   2325 |    163 |      2 |   1829 |   6 |  414.7 |
       Dungeon |   2488 |   2325 |    163 |      2 |   1829 |   6 |  414.7 |
               +--------+--------+--------+--------+--------+-----+--------+

Top non-repeatable levels by time:
     D:1: 672 daAuts
     D:4: 637 daAuts
     D:3: 602 daAuts
     D:2: 506 daAuts
     D:6: 52 daAuts
     D:5: 16 daAuts
